 Dungeon Crawl Stone Soup version 0.18-a0-1312-gf98331d (webtiles) character file.

103 Oddball22 the Cutter (level 4, -1/21 HPs)
             Began as a Vine Stalker Artificer on Feb 14, 2016.
             Slain by an orc priest
             ... wielding a +0 trident
              (10 damage)
             ... on level 3 of the Dungeon.
             The game lasted 00:04:49 (2010 turns).

Oddball22 the Cutter (Vine Stalker Artificer)       Turns: 2010, Time: 00:04:49

Health: -1/21      AC:  3    Str: 19    XL:     4   Next: 79%
Magic:  0/7        EV: 12    Int: 12    God:
Gold:   202        SH:  0    Dex: 16    Spells: 0 memorised, 3 levels left

rFire  . . .     SeeInvis .     a - +0 short sword
rCold  . . .     Gourm    .     b - +0 leather armour
rNeg   . . .     Faith    .     (no shield)
rPois  .         Spirit   +     (no helmet)
rElec  .         Dismiss  .     (no cloak)
rCorr  .         Reflect  .     (no gloves)
SustAt .         Harm     .     (no boots)
MR     .....                    (no amulet)
Stlth  ++........               (no ring)
                                l - +6 ring of strength

@: not resistant to hostile enchantments, unstealthy
A: fangs 2, regeneration 1, magic shield, antimagic bite, no device heal 3, rot
immunity
a: no special abilities


You were on level 3 of the Dungeon.
You were not hungry.

You visited 1 branch of the dungeon, and saw 3 of its levels.

You collected 202 gold pieces.

Inventory:

Hand Weapons
 a - a +0 short sword (weapon)
Armour
 b - a +0 leather armour (worn)
 i - a +0 pair of gloves
Jewellery
 l - a +6 ring of strength (left hand)
Wands
 c - a wand of flame (15/48)
 d - a wand of enslavement (15/24)
 e - a wand of random effects (15/48)
Scrolls
 g - 2 scrolls of remove curse
 j - a scroll of random uselessness {unknown}
 o - a scroll of amnesia {unknown}
 q - a scroll of identify
 s - a scroll of magic mapping {unknown}
 u - a scroll of immolation {unknown}
Potions
 h - a potion of degeneration {unknown}
 m - 2 potions of might {unknown}
 n - a potion of lignification {unknown}
 r - a potion of mutation {unknown}
 t - a potion of ambrosia {unknown}
Comestibles
 f - a bread ration
 k - a royal jelly
 p - 12 chunks of flesh


   Skills:
 - Level 0.8 Fighting
 * Level 3.3 Short Blades
 + Level 2.4 Dodging
 - Level 1.2 Stealth
 - Level 2.6 Evocations


You had 3 spell levels left.
You didn't know any spells.

Dungeon Overview and Level Annotations

Branches:
Dungeon (3/15)

Altars:

Annotations:
D:3 Torax's ghost, amateur DrCj


Innate Abilities, Weirdness & Mutations

You have extremely sharp teeth.
Your natural rate of healing is unusually fast.
When hurt, damage is shared between your health and your magic reserves.
Your bite disrupts and absorbs the magic of your enemies.
Potions and wands cannot restore your health.
You are immune to rotting.


Message History

You hit the orc priest but do no damage.
Your bite misses the orc priest. The orc priest barely misses you.
You closely miss the orc priest. Your bite misses the orc priest.
You hit the orc priest.
The orc priest is lightly wounded.
The orc priest hits you but does no damage.
You hit the orc priest. Your bite misses the orc priest.
The orc priest is lightly wounded.
The orc priest hits you with a trident.
You closely miss the orc priest. Your bite misses the orc priest.
The orc priest is lightly wounded.
The orc priest misses you.
You hit the orc priest. Your bite misses the orc priest.
The orc priest is heavily wounded.
The orc priest hits you with a trident.
You puncture the orc priest!
You bite the orc priest, but do no damage.
The orc priest is almost dead.
The orc priest hits you with a trident!
You die...

#####......>o. #..
.........####
#.###..w....K....
##................
##..###.?..........
##...#%#...........?
##..##@##............
##...#.#o.............
#.. #.##..............
....#.#............####
####.##....#########
#...#.....##
#...#..#### #
#...#)..##
#.####.##[.##


You could see an orc priest.

Vanquished Creatures
  3 adders (D:2)
  3 worms (D:2)
  2 giant geckos (D:3)
  4 orcs (D:3)
  2 ball pythons
  9 bats
  2 giant cockroaches
  6 goblins
  12 hobgoblins
  A quokka (D:2)
  3 giant newts
  5 kobolds
  6 rats
58 creatures vanquished.

Notes
Turn   | Place    | Note
--------------------------------------------------------------
     0 | D:1      | Oddball22 the Vine Stalker Artificer began the quest for the Orb.
     0 | D:1      | Reached XP level 1. HP: 9/9 MP: 3/3
    44 | D:1      | Reached skill level 1 in Short Blades
   228 | D:1      | Reached XP level 2. HP: 12/14 MP: 5/5
   438 | D:1      | You fall through a shaft!
   454 | D:2      | Reached XP level 3. HP: 3/17 MP: 6/6
  1474 | D:2      | Reached XP level 4. HP: 21/21 MP: 7/7
  1528 | D:2      | Reached skill level 3 in Short Blades
  1806 | D:3      | Noticed Torax's ghost (amateur DrCj)
  2010 | D:3      | Slain by an orc priest

Vault maps used:
D:1:      eino_arrival_cavern_b
D:2:      grunt_ministairs_13, minmay_large_rounded_square,
          hangedman_decor_peaks_small, interstate_on_off,
          kennysheep_generic_room_16
D:3:      kiku_gazebo_pond_becter, serial_curves, eino_curves_04,
          eino_curves_02, eino_curves_04, eino_curves_03, first_bread,
          minmay_vboxes

Action                   |  1- 3 |  4- 6 || total
-------------------------+-------+-------++-------
Melee: Short sword       |    83 |    73 ||   156
  Use: Scroll            |     2 |       ||     2
 Stab: Sleeping          |     2 |     1 ||     3
  Eat: Chunk             |     2 |     2 ||     4
